 Dungeon Crawl Stone Soup version 0.32-a0-132-g2d33c3cfaf (webtiles) character file.

Game seed: 4365352589952896466

2300 CougarLife the Magician (level 9, 0/66 HPs)
             Began as a Gnoll Earth Elementalist on Feb 9, 2024.
             Was a Believer of Cheibriados.
             Slain by an orc warrior
             ... wielding a +0 glaive
              (6 damage)
             ... in a bailey.
             The game lasted 00:09:17 (5976 turns).

CougarLife the Magician (Gnoll Earth Elementalist)  Turns: 5976, Time: 00:09:17

Health: 0/66       AC:  4    Str: 18    XL:     9   Next: 40%
Magic:  11/19      EV: 16    Int: 28    God:    Cheibriados [**....]
Gold:   410        SH:  0    Dex: 19    Spells: 17/21 levels left

rFire   . . .        j - +0 dagger
rCold   . . .        (no shield)
rNeg    . . .        a - +0 robe
rPois   .            k - +0 helmet
rElec   .            s - +0 cloak
rCorr   .            (no gloves)
SInv    .            (no boots)
Will    +....        (no amulet)
Stlth   +++          r - ring of Hard Scrabble {Will+ Str+5 Int+3}
HPRegen 0.31/turn    (no ring)
MPRegen 0.16/turn

%: no passive effects
@: very slow
A: fangs 1, strong nose, distributed training
a: Renounce Religion, Bend Time


You were in a bailey.
You worshipped Cheibriados.
Cheibriados was pleased with you.
You visited 2 branches of the dungeon, and saw 8 of its levels.
You also visited: Bailey.

You collected 410 gold pieces.

Inventory:

Hand Weapons
 j - a +0 dagger (weapon)
Armour
 a - a +0 robe (worn)
 k - a +0 helmet (worn)
 s - a +0 cloak (worn)
Jewellery
 r - the ring of Hard Scrabble (left hand) {Will+ Str+5 Int+3}
   (You found it on level 4 of the Dungeon)

   [ring of willpower]

   Str+5:     It affects your strength (+5).
   Int+3:     It affects your intelligence (+3).
   Will+:     It increases your willpower.
Wands
 t - a wand of paralysis (12)
Scrolls
 c - 7 scrolls of teleportation {unknown}
 e - 2 scrolls of amnesia {unknown}
 f - 2 scrolls of revelation {unknown}
 g - a scroll of blinking {unknown}
 h - a scroll of enchant weapon {unknown}
 i - 7 scrolls of identify {unknown}
 o - a scroll of noise {unknown}
 p - a scroll of fog {unknown}
Potions
 b - a potion of magic
 d - a potion of ambrosia {unknown}
 l - 3 potions of curing {unknown}
 m - 2 potions of mutation {unknown}
 n - a potion of enlightenment {unknown}
 q - a potion of haste {unknown}


   Skills:
 + Level 4.3 Fighting
 + Level 4.3 Short Blades
 + Level 4.3 Long Blades
 + Level 4.3 Axes
 + Level 4.3 Maces & Flails
 + Level 4.3 Polearms
 + Level 4.3 Staves
 + Level 4.3 Ranged Weapons
 + Level 4.3 Throwing
 + Level 4.3 Armour
 + Level 6.4 Dodging
 + Level 6.1 Stealth
 + Level 4.3 Shields
 + Level 4.3 Unarmed Combat
 + Level 6.7 Spellcasting
 + Level 4.2 Conjurations
 + Level 3.6 Hexes
 + Level 3.6 Summonings
 + Level 3.6 Necromancy
 + Level 3.6 Translocations
 + Level 3.6 Fire Magic
 + Level 3.6 Ice Magic
 + Level 3.6 Air Magic
 + Level 6.6 Earth Magic
 + Level 3.6 Alchemy
 + Level 4.8 Invocations
 + Level 4.3 Evocations
 + Level 4.0 Shapeshifting


You had 17 spell levels left.
You knew the following spells:

 Your Spells              Type           Power      Damage    Failure   Level
a - Sandblast             Erth           92%        2d19      1%          1
b - Stone Arrow           Conj/Erth      78%        3d11      1%          3

Your spell library contained the following spells:

 Spells                   Type           Power      Damage    Failure   Level
 Kiss of Death            Conj/Necr      100%       2d13      1%          1
 Cigotuvi's Dreadful Rot  Necr/Alch/Air  58%        N/A       1%          2
 Lesser Beckoning         Tloc           58%        N/A       1%          2
 Static Discharge         Conj/Air       62%        3-6/arc   1%          2
 Passwall                 Erth           46%        N/A       1%          3
 Confusing Touch          Hex            29%        N/A       3%          3
 Gell's Gravitas          Tloc           29%        N/A       3%          3
 Teleport Other           Tloc           29%        N/A       3%          3
 Brom's Barrelling Bould  Conj/Erth      39%        2d6       6%          4
 Petrify                  Alch/Erth      38%        N/A       7%          4
 Dispel Undead            Necr           29%        3d13      13%         4
 Ignite Poison            Fire/Alch      29%        N/A       13%         4
 Freezing Cloud           Conj/Ice/Air   15%        6-21      32%         5
 Bombard                  Conj/Erth      19%        9d4       67%         6
 Chain Lightning          Conj/Air       15%        3d20      100%        9


Dungeon Overview and Level Annotations

Branches:
Dungeon (7/15)             Temple (1/1) D:4          Bailey (1/1)

Altars:
Ashenzari
Cheibriados
Elyvilon
Gozag
Makhleb
Qazlal
Sif Muna
Trog
Vehumet
Wu Jian
Xom
The Shining One

Shops:
D:1 :


Innate Abilities, Weirdness & Mutations

You have very sharp teeth.
Your uncanny sense of smell can sniff out nearby items.
Your experience applies equally to all skills.


Message History

The orc warrior closely misses you.
Your Shapeshifting skill increases to level 4!
Unknown command.
Casting: Sandblast (safe; 1% risk of failure)
Confirm with . or Enter, or press ? or * to list all spells.
Aiming: Sandblast (safe; 1% risk of failure)
Press: ? - help, Shift-Dir - straight line, f - orc warrior
Aim: an orc warrior, wielding a +0 glaive and wearing a +0 chain mail (83% to hit)
The blast of sand hits the orc warrior.
The orc warrior is moderately wounded.
The orc shouts!
The orc warrior hits you from afar with a +0 glaive.
Casting: Sandblast (safe; 1% risk of failure)
Confirm with . or Enter, or press ? or * to list all spells.
Aiming: Sandblast (safe; 1% risk of failure)
Press: ? - help, Shift-Dir - straight line, f/p - orc warrior
Aim: an orc warrior, wielding a +0 glaive and wearing a +0 chain mail (moderately wounded, 83% to hit)
The blast of sand hits the orc warrior.
The orc warrior is moderately wounded.
The orc warrior barely misses you.
The orc warrior hits you from afar with a +0 glaive!
* * * LOW HITPOINT WARNING * * *
Casting: Sandblast (safe; 1% risk of failure)
Confirm with . or Enter, or press ? or * to list all spells.
Aiming: Sandblast (safe; 1% risk of failure)
Press: ? - help, Shift-Dir - straight line, f/p - orc warrior
Aim: an orc warrior, wielding a +0 glaive and wearing a +0 chain mail (moderately wounded, 83% to hit)
The blast of sand hits the orc warrior!
The orc warrior is almost dead.
The orc warrior completely misses you.
Casting: Sandblast (safe; 1% risk of failure)
Confirm with . or Enter, or press ? or * to list all spells.
Aiming: Sandblast (safe; 1% risk of failure)
Press: ? - help, Shift-Dir - straight line, f/p - orc warrior
Aim: an orc warrior, wielding a +0 glaive and wearing a +0 chain mail (almost dead, 83% to hit)
The blast of sand hits the orc warrior but does no damage.
The orc warrior is almost dead.
The orc warrior hits you from afar with a +0 glaive.
You die...
Cheibriados appreciates the motionlessness of death.

###### ############
##.....## ##...))...∩.##
#.......######.....#......#
+...##..#....#....###.....#
+....ß..'..oo'@....ß.)...∩#
o..##..#...)#....###)....#
#.......######.)...#......#
##...o.## ##........∩.##
###### ############


You could see an orc warrior and an orc.

Vanquished Creatures
  Sigmund (D:4)
  Menkaure (D:7)
  Edmund (D:6)
  2 water moccasins (D:5)
  2 orc warriors (Bailey)
  2 ice beasts (D:6)
  3 black bears
  An ogre (D:6)
  A phantom (D:4)
  A kobold brigand (D:6)
  A scorpion (D:6)
  3 wights (D:7)
  A hound (D:5)
  2 gnoll boudas
  An orc priest (D:5)
  4 iguanas
  A sleepcap (D:5)
  Terence (D:2)
  An orc wizard (D:4)
  8 gnolls
  12 adders
  A shadow imp (D:6)
  5 dart slugs
  2 ribbon worms
  13 orcs
  6 bats
  9 endoplasms
  4 giant cockroaches
  7 goblins
  9 hobgoblins
  7 jackals
  2 quokkas (D:2)
  6 ball pythons
  A frilled lizard (D:3)
  7 kobolds
  3 rats (D:3)
132 creatures vanquished.

Notes
Turn   | Place    | Note
-------+----------+-------------------------------------------
     0 | D:1      | CougarLife the Gnoll Earth Elementalist began the quest for
                  | the Orb.
     0 | D:1      | Reached XP level 1. HP: 13/13 MP: 6/6
    59 | D:1      | Found Ynomo's Book Boutique.
   246 | D:1      | Reached XP level 2. HP: 19/19 MP: 5/7
   438 | D:1      | Found a faded altar of an unknown god.
  1108 | D:2      | Reached skill level 5 in Spellcasting
  1108 | D:2      | Reached XP level 3. HP: 25/25 MP: 6/9
  1116 | D:2      | Got Pouluomp's Anthology of the Discharge and Composition
  1172 | D:2      | Noticed Terence
  1177 | D:2      | Killed Terence
  1178 | D:2      | Reached skill level 1 in Fighting
  1178 | D:2      | Reached skill level 1 in Short Blades
  1178 | D:2      | Reached skill level 1 in Long Blades
  1178 | D:2      | Reached skill level 1 in Axes
  1178 | D:2      | Reached skill level 1 in Maces & Flails
  1178 | D:2      | Reached skill level 1 in Polearms
  1178 | D:2      | Reached skill level 1 in Staves
  1178 | D:2      | Reached skill level 1 in Ranged Weapons
  1178 | D:2      | Reached skill level 1 in Throwing
  1178 | D:2      | Reached skill level 1 in Armour
  1178 | D:2      | Reached skill level 1 in Shields
  1178 | D:2      | Reached skill level 1 in Unarmed Combat
  1178 | D:2      | Reached skill level 1 in Invocations
  1178 | D:2      | Reached skill level 1 in Evocations
  1315 | D:2      | Reached skill level 1 in Shapeshifting
  1315 | D:2      | Reached XP level 4. HP: 32/32 MP: 9/11
  1619 | D:3      | Learned a level 3 spell: Stone Arrow
  1717 | D:3      | Reached skill level 1 in Hexes
  1717 | D:3      | Reached skill level 1 in Summonings
  1717 | D:3      | Reached skill level 1 in Necromancy
  1717 | D:3      | Reached skill level 1 in Translocations
  1717 | D:3      | Reached skill level 1 in Fire Magic
  1717 | D:3      | Reached skill level 1 in Ice Magic
  1717 | D:3      | Reached skill level 1 in Air Magic
  1717 | D:3      | Reached skill level 1 in Alchemy
  2032 | D:3      | Reached XP level 5. HP: 37/37 MP: 9/12
  3081 | D:4      | Found a broken altar of Ashenzari.
  3133 | D:4      | Noticed a phantom
  3141 | D:4      | Killed a phantom
  3142 | D:4      | Reached XP level 6. HP: 39/44 MP: 5/14
  3148 | D:4      | Reached skill level 5 in Dodging
  3351 | D:4      | Found a staircase to the Ecumenical Temple.
  3394 | Temple   | Entered the Ecumenical Temple
  3405 | Temple   | Became a worshipper of Cheibriados the Contemplative
  3717 | D:4      | Identified the ring of Hard Scrabble {Will+ Str+5 Int+3}
  3860 | D:4      | Noticed Sigmund
  3875 | D:4      | Killed Sigmund
  3876 | D:4      | Reached XP level 7. HP: 42/51 MP: 11/15
  3958 | D:5      | Entered Level 5 of the Dungeon
  4014 | D:5      | Reached skill level 5 in Stealth
  4110 | D:5      | Reached * piety under Cheibriados
  4230 | D:5      | Reached XP level 8. HP: 58/58 MP: 13/16
  4964 | D:6      | Noticed Edmund
  4970 | D:6      | Killed Edmund
  5212 | D:6      | Reached XP level 9. HP: 65/65 MP: 14/18
  5272 | D:6      | Reached ** piety under Cheibriados
  5630 | D:7      | Noticed Menkaure
  5634 | D:7      | Killed Menkaure
  5701 | D:7      | Found a flagged portal.
  5726 | Bailey   | Entered a bailey
  5976 | Bailey   | Slain by an orc warrior

Illustrated notes

Levels and vault maps discovered:
D:1:      co_arrival_random_square_maze, layout_basic,
          shapermc_ecumenical_altar_ellora, serial_shops, shop_fountains,
          dreamdust_mushroom_princess, minmay_misc_feat_secret_circle,
          grunt_decor_resistance
D:2:      layout_basic, minivault_23, uniq_terence
D:3:      layout_basic, hex_intersection, minmay_pentomino_pile
D:4:      layout_basic, lemuel_round_altar, minmay_temple_entry_wispy,
          uniq_sigmund
D:5:      layout_rooms, minmay_holes, lemuel_flamethrower_1
D:6:      layout_loops_ring, uniq_edmund
D:7:      layout_basic, lemuel_tele_altar, nicolae_ru_great_annihilating_truth,
          zin_angel, enter_bailey_4, st_stairs_13, uniq_maurice, uniq_menkaure,
          uniq_jeremiah, uniq_crazy_yiuf_cottage
Temple:   nicolae_temple_bog_church
Bailey:   bailey_polearm_5, bailey

Skill      XL: |  1  2  3  4  5  6  7  8  9 |
---------------+----------------------------+-----
Conjurations   | 2 3 4 |  4.2
Spellcasting   | 5 6 |  6.7
Fighting       | 1 2 3 4 |  4.3
Short Blades   | 1 2 3 4 |  4.3
Long Blades    | 1 2 3 4 |  4.3
Axes           | 1 2 3 4 |  4.3
Maces & Flails | 1 2 3 4 |  4.3
Polearms       | 1 2 3 4 |  4.3
Staves         | 1 2 3 4 |  4.3
Ranged Weapons | 1 2 3 4 |  4.3
Throwing       | 1 2 3 4 |  4.3
Armour         | 1 2 3 4 |  4.3
Shields        | 1 2 3 4 |  4.3
Unarmed Combat | 1 2 3 4 |  4.3
Invocations    | 1 2 3 4 |  4.8
Evocations     | 1 2 3 4 |  4.3
Shapeshifting  | 1 2 3 4 |  4.0
Hexes          | 1 2 3 |  3.6
Summonings     | 1 2 3 |  3.6
Necromancy     | 1 2 3 |  3.6
Translocations | 1 2 3 |  3.6
Fire Magic     | 1 2 3 |  3.6
Ice Magic      | 1 2 3 |  3.6
Air Magic      | 1 2 3 |  3.6
Alchemy        | 1 2 3 |  3.6
Dodging        | 5 6 |  6.4
Stealth        | 5 6 |  6.1
Earth Magic    | 6 |  6.6

Action                     |  1- 3 |  4- 6 |  7- 9 || total
---------------------------+-------+-------+-------++-------
  Melee: Dagger            |       |       |     2 ||     2
   Cast: Sandblast         |    31 |    80 |   126 ||   237
         Stone Arrow       |       |       |     1 ||     1
 Armour: Robe              |     4 |    13 |    76 ||    93
  Dodge: Dodged            |     7 |    15 |    78 ||   100

Table legend: (Time is in decaauts)
 A = Elapsed time spent in this place.
 B = Non-inter-level travel time spent in this place.
 C = Inter-level travel time spent in this place.
 D = Time resting spent in this place.
 E = Time spent auto-exploring this place.
 F = Levels seen in this place.
 G = Mean time per level.
                   A        B        C        D        E       F      G
               +--------+--------+--------+--------+--------+-----+--------+
         Total |   6663 |   6262 |    401 |    497 |   4746 |   9 |  740.3 |
       Dungeon |   6359 |   5969 |    390 |    326 |   4697 |   7 |  908.4 |
        Temple |     25 |     15 |     10 |      0 |      0 |   1 |   25.0 |
        Bailey |    278 |    278 |      0 |    171 |     49 |   1 |  278.0 |
               +--------+--------+--------+--------+--------+-----+--------+

Top non-repeatable levels by time:
     D:6: 1336 daAuts
     D:1: 1071 daAuts
     D:3: 1043 daAuts
     D:4: 1018 daAuts
     D:2: 986 daAuts
     D:5: 664 daAuts
  Bailey: 278 daAuts
     D:7: 237 daAuts
  Temple: 25 daAuts
